 Dungeon Crawl Stone Soup version 0.29.1-12-g30fa7ad0bf (webtiles) character file.

Game seed: 5026902430987478973

7 hawla the Firebug (level 2, 0/20 HPs)
             Began as a Meteoran Fire Elementalist on Jan 12, 2023.
             Killed from afar by Sigmund (9 damage)
             ... with a magic dart
             ... on level 3 of the Dungeon.
             The game lasted 00:01:32 (145 turns).

hawla the Firebug (Meteoran Fire Elementalist)       Turns: 145, Time: 00:01:32

Health: 0/20       AC:  2    Str:  9    XL:     2   Next: 23%
Magic:  6/6        EV: 12    Int: 16    God:
Gold:   21         SH:  0    Dex: 14    Spells: 3/6 levels left

rFire   . . .      SeeInvis .   (no weapon)
rCold   . . .      Faith    .   (no shield)
rNeg    . . .      Spirit   .   a - +0 robe
rPois   .          Reflect  .   (no helmet)
rElec   .          Harm     .   (no cloak)
rCorr   .          Rampage  .   (no gloves)
Will    .....                   (no boots)
Stlth   +.........              (no amulet)
HPRegen 0.06/turn               (no ring)
MPRegen 0.10/turn               (no ring)

@: confused, glowing
A: sense surroundings 1, otherworldly, glowing, explore regen
a: no special abilities


You were on level 3 of the Dungeon.
You visited 1 branch of the dungeon, and saw 3 of its levels.

You collected 21 gold pieces.

Inventory:

Armour
 a - a +0 robe (worn)
Scrolls
 c - 2 scrolls of identify {unknown}
 d - a scroll of teleportation {unknown}


   Skills:
 + Level 2.5 Dodging
 - Level 1.4 Stealth
 + Level 2.9 Spellcasting
 + Level 1.2 Conjurations
 + Level 4.0 Fire Magic


You had 3 spell levels left.
You knew the following spells:

 Your Spells              Type           Power      Damage    Failure   Level
a - Foxfire               Conj/Fire      40%        2x1d6     6%          1
b - Scorch                Fire           30%        2d6       5%          2

Your spell library contained the following spells:

 Spells                   Type           Power      Damage    Failure   Level
 Conjure Flame            Conj/Fire      10%        6-21      19%         3
 Inner Flame              Hex/Fire       8%         N/A       24%         3
 Flame Wave               Conj/Fire      10%        2d6       54%         4


Dungeon Overview and Level Annotations

Branches:
Dungeon (3/15) Zot: 1654

Altars:

Annotations:
D:3 Sigmund


Innate Abilities, Weirdness & Mutations

You passively map a small area around you.
You are easily found by Zot.
You glow in the dark.
You regain HP and MP as you explore.


Message History

Casting: Scorch (safe; 5% risk of failure)
Confirm with . or Enter, or press ? or * to list all spells.
You conjure some foxfire!
Sigmund hits you from afar with a +0 scythe.
The kobold closely misses you. The kobold attacks as you move away!
The kobold hits you but does no damage.
The foxfire hits the kobold but does no damage.
The kobold is severely wounded.
The foxfire hits the kobold!
The kobold is burned terribly!
You kill the kobold!
A rat comes into view.
Found a scroll labelled ZEIMETOLEH.
Sigmund casts a spell at you.
You are confused.
You're too confused to move!
You bump into the rock wall.
Sigmund casts a spell at you.
You are more confused.
You're too confused to cast spells.
Sorry, you're not good enough to have a special ability.
A worm comes into view.
The rat closely misses you.
A kobold comes into view. It is wielding a +0 whip.
Sigmund laughs darkly.
The rat attacks as you move away! The rat closely misses you.
The kobold throws a stone.
The stone hits you.
A frilled lizard comes into view.
The rat attacks as you move away! The rat bites you.
The frilled lizard hisses angrily.
The kobold hits you with a +0 whip.
You bump into the rock wall.
Sigmund casts a spell.
Sigmund flickers and vanishes!
Deactivating autopickup; reactivate with Ctrl-A.
The rat closely misses you. The kobold closely misses you.
You're too confused to cast spells.
You're too confused to cast spells.
A magic dart appears from out of thin air!
The magic dart hits you!
You die...

,.##############.#
,* #.# * #.# *
##########.#
..#####..........#
,
..........#####..#
* w.####{#.# #).#
* , #.#?## #..# **
,##r@..## #..# *
,#......# #..# , ,
#..K..........# ,
..............#.##
####.........##.#
#.#...l..###.# * *
* #.##....## #.# ,
, .. #..... ..# ##
###.... ###


You could see a kobold, a frilled lizard and a rat.

Vanquished Creatures
  An orc (D:2)
  An endoplasm (D:2)
  2 kobolds
  A quokka (D:2)
5 creatures vanquished.

Vanquished Creatures (others)
  18 foxfires
18 creatures vanquished.

Grand Total: 23 creatures vanquished

Notes
Turn   | Place    | Note
-------+----------+-------------------------------------------
     0 | D:1      | hawla the Meteoran Fire Elementalist began the quest for
                  | the Orb.
     0 | D:1      | Reached XP level 1. HP: 14/14 MP: 5/5
    27 | D:1      | You fall into a shaft and drop 1 floor!
    49 | D:2      | Reached XP level 2. HP: 5/20 MP: 0/6
    52 | D:2      | Learned a level 2 spell: Scorch
    70 | D:2      | Reached skill level 4 in Fire Magic
   122 | D:3      | Noticed Sigmund
   145 | D:3      | Killed from afar by Sigmund

Illustrated notes

Levels and vault maps discovered:
D:1:      dpeg_arrival_orchard, layout_loops_cross
D:2:      minmay_general_purpose_star, layout_basic, serial_shops,
          nicolae_shop_bloodbath_and_beyond
D:3:      layout_loops_ring, uniq_natasha, uniq_sigmund

Skill      XL: |  1  2 |
---------------+-------+-----
Fire Magic     | 4 |  4.0
Dodging        | |  2.5
Stealth        | |  1.4
Spellcasting   | |  2.9
Conjurations   | |  1.2

Action                   || total
-------------------------++-------
Melee: Unarmed           ||     1
 Cast: Foxfire           ||    10
       Scorch            ||     1
  Use: Potion            ||     1
Armor: Robe              ||     4
Dodge: Dodged            ||    10
